 Dungeon Crawl Stone Soup version 0.19.1 (webtiles) character file.

130 Menchi the Charlatan (level 4, -5/36 HPs)
             Began as a Minotaur Artificer on Dec 11, 2016.
             Slain by Menkaure (19 damage)
             ... on level 4 of the Dungeon.
             The game lasted 00:14:19 (2743 turns).

Menchi the Charlatan (Minotaur Artificer)           Turns: 2743, Time: 00:14:20

Health: -5/36      AC:  5    Str: 14 (17) XL:     4   Next: 90%
Magic:  5/5        EV: 12    Int:  7 (8)  God:
Gold:   122        SH:  0    Dex: 10 (11) Spells: 0 memorised, 3 levels left

rFire  . . .     SeeInvis .     i - +5 dagger (venom)
rCold  . . .     Gourm    .     b - +1 leather armour
rNeg   . . .     Faith    .     (no shield)
rPois  .         Spirit   .     (helmet restricted)
rElec  .         Reflect  .     (no cloak)
rCorr  .         Harm     .     (no gloves)
MR     .....     Rnd*Rage +     f - +0 pair of boots
Stlth  +.........               (no amulet)
                                (no ring)
                                (no ring)

@: no status effects
A: retaliatory headbutt, horns 2, berserk 1, no device heal 1
a: no special abilities


You were on level 4 of the Dungeon.
You were not hungry.

You visited 1 branch of the dungeon, and saw 4 of its levels.

You collected 122 gold pieces.

Inventory:

Hand Weapons
 a - a +1 short sword
 i - a +5 dagger of venom (weapon)
Armour
 b - a +1 leather armour (worn)
 f - a +0 pair of boots (worn)
Jewellery
 u - an uncursed amulet of harm
Wands
 c - a wand of flame (7/48)
 d - a wand of enslavement (14/24)
 e - a wand of random effects (9/48)
Scrolls
 h - a scroll of identify
 p - a scroll of immolation
Comestibles
 m - 3 meat rations
 o - 4 fruits
 s - a royal jelly
 v - a beef jerky


   Skills:
 + Level 2.3 Fighting
 + Level 1.9 Short Blades
 + Level 2.4 Armour
 + Level 2.9 Dodging
 - Level 0.7 Stealth
 + Level 3.8 Evocations


You had 3 spell levels left.
You didn't know any spells.

Dungeon Overview and Level Annotations

Branches:
Dungeon (4/15)
 Temple: D:4-7

Altars:

Annotations:
D:4 Menkaure


Innate Abilities, Weirdness & Mutations

You reflexively headbutt those who attack you in melee.
You have a pair of horns on your head.
You tend to lose your temper in combat.
Potions and wands are less effective at restoring your health.


Message History

You climb downwards.
Found 19 stones.
There is a stone staircase leading up here.
Sorry, I don't know how to get there.
Found a wand of enslavement.
Found 8 arrows.
Found a stone staircase leading down.
Menkaure, Prince of Dust comes into view.
Menkaure shouts!
Menkaure mumbles some strange words.
Menkaure seems to speed up.
Menkaure mumbles some strange words.
Menkaure misses you. Menkaure hits you!
Found 15 gold pieces.
Menkaure calls on the powers of darkness!
Your body is wracked with pain!
Menkaure hits you!!
Ouch! That really hurt!
You die...

...... ##.# #... ..#
...... #..# #..# ..#
#...# ##..## #..##...
##...###....####...<.#
#....................#
.##......>............##
..........#..........##
#.##....M.###......(.# #
#....@.# #...##...#
#......# #..###..##
..........# #./# ##..#
$.........# ..(# #..#
.##........ #.........
#.#######.. #. ..#


You could see Menkaure.

Vanquished Creatures
  An orc wizard (D:3)
  Terence (D:3)
  3 adders
  3 worms (D:2)
  A dart slug (D:1)
  2 leopard geckos (D:1)
  2 orcs (D:3)
  A ball python (D:1)
  7 bats
  2 giant cockroaches
  8 goblins
  8 hobgoblins
  4 jackals (D:2)
  5 frilled lizards
  5 kobolds
  7 rats
60 creatures vanquished.

Vanquished Creatures (collateral kills)
  2 orcs (D:3)
  A quokka (D:3)
3 creatures vanquished.

Grand Total: 63 creatures vanquished

Notes
Turn   | Place    | Note
-------+----------+-------------------------------------------
     0 | D:1      | Menchi the Minotaur Artificer began the quest for the Orb.
     0 | D:1      | Reached XP level 1. HP: 16/16 MP: 1/1
   144 | D:1      | Reached skill level 3 in Evocations
   311 | D:1      | Reached XP level 2. HP: 22/23 MP: 3/3
   747 | D:1      | Reached XP level 3. HP: 28/28 MP: 4/4
  1217 | D:2      | Reached skill level 1 in Armour
  1556 | D:2      | Found a faded altar of an unknown god.
  1606 | D:2      | Noticed Sigmund
  1610 | D:2      | Noticed Sigmund
  1610 | D:2      | Sigmund changed into Sigmund the adder
  1614 | D:2      | Killed Sigmund the adder
  1740 | D:2      | Reached XP level 4. HP: 12/36 MP: 5/5
  2185 | D:3      | Noticed Terence
  2282 | D:3      | Killed Terence
  2297 | D:3      | Gained mutation: Potions and wands are less effective at restoring your health. [potion of mutation]
  2297 | D:3      | Gained mutation: You tend to lose your temper in combat. [potion of mutation]
  2735 | D:4      | Noticed Menkaure
  2743 | D:4      | Slain by Menkaure

Skill      XL: |  1  2  3  4 |
---------------+-------------+-----
Evocations     | 3 |  3.8
Armour         | 1 2 |  2.4
Fighting       | 2 |  2.3
Short Blades   | |  1.9
Dodging        | |  2.9
Stealth        | |  0.7

Action                   |  1- 3 |  4- 6 || total
-------------------------+-------+-------++-------
Melee: Short sword       |   123 |    16 ||   139
       Headbutt          |    16 |     5 ||    21
       Dagger            |       |    10 ||    10
Evoke: Wand              |     8 |     7 ||    15
  Use: Scroll            |     4 |     6 ||    10
       Potion            |       |     4 ||     4
 Stab: Sleeping          |     2 |       ||     2
  Eat: Chunk             |     3 |     1 ||     4
       Bread ration      |       |     1 ||     1
Armor: Leather armour    |    25 |    14 ||    39
Dodge: Dodged            |    73 |    36 ||   109
